 Dungeon Crawl Stone Soup version 0.23.1 (webtiles) character file.

Game seed: 2575504653683898766

35 Borgoz the Skirmisher (level 3, 0/31 HPs)
             Began as a Ghoul Monk on Mar 18, 2019.
             Slain by a jackal (1 damage)
             ... on level 3 of the Dungeon.
             The game lasted 00:01:50 (1568 turns).

Borgoz the Skirmisher (Ghoul Monk)                  Turns: 1568, Time: 00:01:51

Health: 0/31       AC:  2    Str: 14    XL:     3   Next: 33%
Magic:  2/2        EV: 13    Int:  5    God:
Gold:   52         SH:  0    Dex: 12    Spells: 2/2 levels left

rFire    . . .     SeeInvis .   a - +0 short sword
rCold    + . .     Gourm    .   (no shield)
rNeg     + + +     Faith    .   b - +0 robe
rPois    ∞         Spirit   .   (no helmet)
rElec    .         Reflect  .   (no cloak)
rCorr    .         Harm     .   (no gloves)
MR       .....                  (no boots)
Stlth    ++........             (no amulet)
HPRegen  0.00/turn              (no ring)
MPRegen  0.08/turn              (no ring)

@: rotting
A: rotting body, claws 1, carnivore, cold resistance 1, negative energy
resistance 3, inhibited regeneration, torment resistance, unbreathing
a: no special abilities


You were on level 3 of the Dungeon.
You were not hungry.

You visited 1 branch of the dungeon, and saw 3 of its levels.

You collected 52 gold pieces.

Inventory:

Hand Weapons
 a - a +0 short sword (weapon)
Armour
 b - a +0 robe (worn)
Wands
 l - a wand of iceblast (8)
Scrolls
 d - a scroll of magic mapping {unknown}
 e - 3 scrolls of identify {unknown}
 g - a scroll of fear {unknown}
 h - a scroll of random uselessness {unknown}
 i - a scroll of immolation {unknown}
 j - 3 scrolls of remove curse {unknown}
 k - a scroll of teleportation {unknown}
Comestibles
 c - 3 rations


   Skills:
 + Level 3.4 Fighting
 * Level 3.1 Short Blades
 + Level 0.4 Throwing
 * Level 0.9 Armour
 * Level 3.0 Dodging
 + Level 2.4 Stealth


You had 2 spell levels left.
You didn't know any spells.
Your spell library was empty.

Dungeon Overview and Level Annotations

Branches:
Dungeon (3/15)

Altars:
Ru

Annotations:
D:2 Sigmund


Innate Abilities, Weirdness & Mutations

Your body is rotting away.
You thrive on raw meat.
You are immune to poison.
You have sharp fingernails.
You are carnivorous and can eat meat at any time.
Your flesh is cold resistant. (rC+)
You are immune to negative energy. (rN+++)
You do not regenerate when monsters are visible.
You are immune to unholy pain and torment.
You can survive without breathing.


Message History

The jackal is almost dead.
The jackal misses you. The orc hits you.
* * * LOW HITPOINT WARNING * * *
You hit the jackal.
You kill the jackal!
The orc misses you. The jackal bites you.
* * * LOW HITPOINT WARNING * * *
You closely miss the jackal.
The jackal is moderately wounded.
The jackal bites you.
* * * LOW HITPOINT WARNING * * *
The orc misses you.
Okay, then.
It was a potion of lignification.
You feel woody for a moment. The jackal bites you.
* * * LOW HITPOINT WARNING * * *
The orc closely misses you. The jackal closely misses you.
It was a potion of magic.
Magic courses through your body. The orc barely misses you.
The jackal bites you.
You die...

.......(..............>
.......................
........((.............
.......................
.......................
.......................
#.#.####b######.######
#.#. #o# #.# # #@# #.#
#h# #.# #.# #.# #.# #.#
### #.# #.#######.. #!#
#.......... #.#
#########.# #.# #...#
#.###


You could see an orc, a jackal and a bat.

Vanquished Creatures
  An adder (D:2)
  A dart slug (D:1)
  A leopard gecko (D:3)
  2 bats
  4 giant cockroaches
  2 goblins (D:1)
  3 hobgoblins
  2 jackals (D:3)
  A frilled lizard (D:2)
  2 kobolds
  A rat (D:1)
20 creatures vanquished.

Notes
Turn   | Place    | Note
-------+----------+-------------------------------------------
     0 | D:1      | Borgoz the Ghoul Monk began the quest for the Orb.
     0 | D:1      | Reached XP level 1. HP: 19/19 MP: 0/0
   388 | D:1      | Reached XP level 2. HP: 26/26 MP: 1/1
   841 | D:2      | Noticed Sigmund
  1287 | D:2      | Found a sacrificial altar of Ru.
  1316 | D:2      | Reached XP level 3. HP: 14/31 MP: 2/2
  1567 | D:3      | HP: 1/31 [jackal (1)]
  1568 | D:3      | Slain by a jackal

Skill      XL: |  1  2 |
---------------+-------+-----
Short Blades   | 3 |  3.1
Dodging        | 3 |  3.0
Fighting       | |  3.4
Throwing       | |  0.4
Armour         | |  0.9
Stealth        | |  2.4

Action                   || total
-------------------------++-------
Melee: Short sword       ||   104
  Use: Potion            ||     2
 Stab: Sleeping          ||     1
  Eat: Chunk             ||     5
Armor: Robe              ||    23
Dodge: Dodged            ||   105
